 Dungeon Crawl Stone Soup version 0.29-a0-732-g3d7fbe0af2 (webtiles) character file.

Game seed: 14638705608596203706

2 buhh the Insei (level 1, 0/16 HPs)
             Began as a Meteoran Transmuter on June 29, 2022.
             Slain by a quokka (1 damage)
             ... on level 1 of the Dungeon.
             The game lasted 00:00:17 (32 turns).

buhh the Insei (Meteoran Transmuter)                  Turns: 32, Time: 00:00:18

Health: 0/16       AC:  2    Str: 11    XL:     1   Next: 57%
Magic:  5/5        EV: 12    Int: 14    God:
Gold:   0          SH:  0    Dex: 14    Spells: 4/5 levels left

rFire   . . .      SeeInvis .     - Unarmed
rCold   . . .      Faith    .   (no shield)
rNeg    . . .      Spirit   .   a - +0 robe
rPois   .          Reflect  .   (helmet currently unavailable)
rElec   .          Harm     .   (no cloak)
rCorr   .          Rampage  .   (no gloves)
Will    .....                   (boots currently unavailable)
Stlth   +.........              (no amulet)
HPRegen 0.05/turn               (no ring)
MPRegen 0.09/turn               (no ring)

@: appendages (expiring), glowing
A: horns 2, talons 2, sense surroundings 1, otherworldly, glowing, explore regen
a: End Transformation


You were on level 1 of the Dungeon.
You had temporarily grown beastly horns and talons.
You visited 1 branch of the dungeon, and saw 1 of its levels.

Inventory:

Armour
 a - a +0 robe (worn)
Scrolls
 b - a scroll of vulnerability {unknown}
Potions
 c - a potion of mutation {unknown}
 l - a potion of lignification {!d}


   Skills:
 * Level 1.3 Fighting
 - Level 2.4 Dodging
 * Level 3.7 Unarmed Combat
 - Level 2.6 Spellcasting
 - Level 2.4 Transmutations


You had 4 spell levels left.
You knew the following spells:

 Your Spells              Type           Power      Damage    Failure   Level
a - Beastly Appendage     Tmut           16%        N/A       9%          1

Your spell library contained the following spells:

 Spells                   Type           Power      Damage    Failure   Level
 Wereblood                Tmut           8%         N/A       12%         2
 Spider Form              Tmut/Pois      5%         N/A       38%         3
 Ice Form                 Ice/Tmut       5%         N/A       80%         4


Dungeon Overview and Level Annotations

Branches:
Dungeon (1/15) Zot: 567

Altars:


Innate Abilities, Weirdness & Mutations

You have temporarily grown beastly horns and talons.
You passively map a small area around you.
You are easily found by Zot.
You glow in the dark.
You regain HP and MP as you explore.


Message History

The bat closely misses you.
The kobold throws a stone.
The stone closely misses you.
You hit the hobgoblin.
The hobgoblin is lightly wounded.
Your transformation is almost over.
The bat closely misses you. The hobgoblin barely misses you.
The bat attacks as you move away! The bat hits you. The bat closely misses you.
You hit the hobgoblin. You claw the hobgoblin.
You kill the hobgoblin!
The bat hits you but does no damage. The bat hits you but does no damage.
The kobold hits you with a +2 short sword of draining.
You feel drained.
You see here a hobgoblin corpse.
You hit the kobold. You claw the kobold.
You kill the kobold!
Your life force feels restored.
The quokka attacks as you move away! The quokka closely misses you.
You hit the bat. You claw the bat.
You kill the bat!
You hit the quokka.
The quokka is heavily wounded.
The quokka bites you but does no damage.
You hit the quokka.
The quokka is almost dead.
The quokka bites you.
A ball python comes into view.
You are too injured to fight recklessly!
You are too injured to fight recklessly!
You are too injured to fight recklessly!
You barely miss the quokka.
The ball python hisses angrily.
Your kick misses the quokka.
The quokka is almost dead.
The quokka bites you.
* * * LOW HITPOINT WARNING * * *
You barely miss the quokka.
The quokka is almost dead.
The quokka bites you.
You die...

* * , * * * * * , , , * *
, * * , , , * ,* **,* #+
* ** * *, * *
#####.###### ### * ,, *
...........###.##### ,*
..⌠.............@rK# ,
....###.###...####)......
# ##'###...# *..?....
,,*#...##...# .......
,*#...##...# ....S..
#.<.##...# * ....... ,
#...##....,* ....... *
,*#...##...#. ....... *
#########... ,


You could see a quokka, a ball python and a kobold.

Vanquished Creatures
  A hobgoblin (D:1)
  A bat (D:1)
  A kobold (D:1)
3 creatures vanquished.

Notes
Turn   | Place    | Note
-------+----------+-------------------------------------------
     0 | D:1      | buhh the Meteoran Transmuter began the quest for the Orb.
     0 | D:1      | Reached XP level 1. HP: 16/16 MP: 5/5
    32 | D:1      | Slain by a quokka

Illustrated notes

Levels and vault maps discovered:
D:1:      dpeg_arrival_rooms_a, layout_rooms, nicolae_ecumenical_snake_handling

Action                   || total
-------------------------++-------
Melee: Unarmed           ||     8
       Kick              ||     3
 Cast: Beastly Appendage ||     1
Armor: Robe              ||     3
Dodge: Dodged            ||     7

Table legend: (Time is in decaauts)
 A = Elapsed time spent in this place.
 B = Non-inter-level travel time spent in this place.
 C = Inter-level travel time spent in this place.
 D = Time resting spent in this place.
 E = Time spent auto-exploring this place.
 F = Levels seen in this place.
 G = Mean time per level.
                   A        B        C        D        E       F      G
               +--------+--------+--------+--------+--------+-----+--------+
         Total |     31 |     31 |      0 |      0 |     18 |   1 |   31.0 |
       Dungeon |     31 |     31 |      0 |      0 |     18 |   1 |   31.0 |
               +--------+--------+--------+--------+--------+-----+--------+

Top non-repeatable levels by time:
     D:1: 31 daAuts
